 Dungeon Crawl Stone Soup version 0.27.0-1-g7a089689b8 (webtiles) character file.

Game seed: 7302239968551583559

55 soberaf the Sneak (level 3, 0/21 HPs)
             Began as a Deep Elf Brigand on Aug 7, 2021.
             Slain by a kobold (4 damage)
             ... on level 2 of the Dungeon.
             The game lasted 00:05:46 (1551 turns).

soberaf the Sneak (Deep Elf Brigand)                Turns: 1551, Time: 00:05:47

Health: 0/21       AC:  3    Str:  8    XL:     3   Next: 67%
Magic:  5/5        EV: 12    Int: 15    God:
Gold:   47         SH:  0    Dex: 17    Spells: 2/2 levels left

rFire    . . .     SeeInvis .   a - +2 dagger
rCold    . . .     Faith    .   (no shield)
rNeg     . . .     Spirit   .   b - +0 robe
rPois    .         Reflect  .   (no helmet)
rElec    .         Harm     .   c - +0 cloak
rCorr    .         Rampage  .   (no gloves)
Will     .....                  (no boots)
Stlth    +++.......             (no amulet)
HPRegen  0.07/turn              (no ring)
MPRegen  0.09/turn              (no ring)

@: lethally poisoned (0 -> -2)
A: no striking features
a: no special abilities


You were on level 2 of the Dungeon.
You visited 1 branch of the dungeon, and saw 2 of its levels.

You collected 47 gold pieces.

Inventory:

Hand Weapons
 a - a +2 dagger (weapon)
Missiles
 e - 2 curare-tipped darts (quivered)
Armour
 b - a +0 robe (worn)
 c - a +0 cloak (worn)
Scrolls
 h - 2 scrolls of magic mapping {unknown}
 l - a scroll of teleportation {unknown}
 m - a scroll of summoning {unknown}
Potions
 f - a potion of curing {unknown}
 g - 2 potions of heal wounds {unknown}
 i - 2 potions of cancellation {unknown}
 j - a potion of degeneration {unknown}
 k - a potion of flight {unknown}


   Skills:
 + Level 1.7 Fighting
 + Level 2.6 Short Blades
 + Level 2.1 Throwing
 + Level 1.5 Dodging
 + Level 6.0 Stealth


You had 2 spell levels left.
You didn't know any spells.
Your spell library contained the following spells:

 Spells                   Type           Power      Damage    Failure   Level
 Beastly Appendage        Tmut           0%         N/A       26%         1
 Wereblood                Tmut           0%         N/A       38%         2
 Spider Form              Tmut/Pois      0%         N/A       63%         3


Dungeon Overview and Level Annotations

Branches:
Dungeon (2/15)

Altars:

Annotations:
D:1 1 exclusion
D:2 exclusion: gnoll


Message History

The adder is moderately wounded.
The adder bites you but does no damage.
Throw: 3 darts (poison)
Press: ? - help, Q - select action, (/) - cycle Shift-Dir - straight line, f/p - adder
Aim: an adder (moderately wounded, very poisoned, 42% to hit)
You throw a poisoned dart.
The poisoned dart barely misses the adder.
The poisoned dart barely misses the kobold.
The adder closely misses you.
Throw: 2 darts (poison)
Press: ? - help, Q - select action, (/) - cycle Shift-Dir - straight line, f/p - adder
Aim: an adder (moderately wounded, very poisoned, 42% to hit)
You throw a poisoned dart. The poisoned dart hits the adder.
The adder looks as sick as possible!
The adder is moderately wounded.
The adder misses you. The adder bites you.
You are poisoned.
The adder poisons you!
You hit the adder.
The adder is heavily wounded.
You feel sick. The adder barely misses you.
You closely miss the adder.
The adder is heavily wounded.
You feel sick. The adder barely misses you.
You miss the adder.
The adder is severely wounded.
You feel sick.
You kill the adder!
Your Stealth skill increases to level 6!
You closely miss the kobold.
You feel sick.
The kobold hits you with a +0 short sword.
* * * LOW HITPOINT WARNING * * *
Throw: dart (poison)
Press: ? - help, Q - select action, (/) - cycle Shift-Dir - straight line, f - kobold
Aim: a kobold, wielding a +0 short sword (53% to hit)
You throw a poisoned dart.
The poisoned dart barely misses the kobold.
You feel sick.
The kobold hits you with a +0 short sword.
You die...

#..#.########.#..
#..#...)......#.##
#..#.########.#...
#..#.# ###.#...
#..#.######.......
#.>.......'.......
#.####.##.######.......
#.........# #.'.......
######@#### #.#.....##
#K# #.#.....## ..#
#.#.....## ....
#.#.....## ##.(.
..#.....## #.##.
########## #. . # .. ..
# #


You could see a kobold.

Vanquished Creatures
  An adder (D:2)
  2 dart slugs (D:2)
  3 endoplasms
  3 giant cockroaches
  5 goblins
  6 hobgoblins (D:1)
  3 quokkas
  A ball python (D:2)
  3 bats
  A frilled lizard (D:1)
  6 kobolds
  4 rats
38 creatures vanquished.

Notes
Turn   | Place    | Note
-------+----------+-------------------------------------------
     0 | D:1      | soberaf the Deep Elf Brigand began the quest for the Orb.
     0 | D:1      | Reached XP level 1. HP: 12/12 MP: 3/3
    74 | D:1      | Reached skill level 5 in Stealth
   246 | D:1      | Reached XP level 2. HP: 16/16 MP: 4/4
   876 | D:1      | Found a faded altar of an unknown god.
  1223 | D:2      | Reached XP level 3. HP: 21/21 MP: 5/5
  1550 | D:2      | Reached skill level 6 in Stealth
  1551 | D:2      | Slain by a kobold

Illustrated notes

Levels and vault maps discovered:
D:1:      sevenhm_arrival_forest_fort_large_2, layout_basic,
          shapermc_ecumenical_altar_mp_highgroup, corexii_hall_statues_l,
          minmay_misc_feat_chi
D:2:      layout_basic, serial_corexii_hall, chequers_hall_statues_corner_a,
          corexii_hall_statues_i, grunt_ministairs_1

Skill      XL: |  1  2  3 |
---------------+----------+-----
Stealth        | 5 6 |  6.0
Fighting       | |  1.7
Short Blades   | |  2.6
Throwing       | |  2.1
Dodging        | |  1.5

Action                   || total
-------------------------++-------
Melee: Dagger            ||   115
Throw: Dart              ||    19
 Stab: Sleeping          ||    12
Armor: Robe              ||    23
Dodge: Dodged            ||    61
